[Event "Team 45 45 League T63"]
[Site "Internet Chess Club"]
[Date "2014.12.21"]
[Round "4"]
[White "Agarnez"]
[Black "RubberDuck"]
[Result "1/2-1/2"]
[WhiteElo "1945"]
[BlackElo "1924"]
[Opening "Grünfeld: exchange variation"]
[ECO "D85"]
[Time "16:00:31"]
[TimeControl "2700+45"]

1. d4 Nf6 2. c4 g6 3. Nc3 d5 4. cxd5 Nxd5 5. e4 Nxc3 6. bxc3 Bg7 7. Rb1 c5 8.
Nf3 O-O 9. Be2 cxd4 10. cxd4 b6 11. O-O Bb7 12. e5 Nc6 13. Ba3 Qd5 14. Qa4 Rfd8
15. Bc4 Qd7 16. e6 fxe6 17. Rfe1 Nxd4 18. Qxd7 Rxd7 19. Rxe6 Nxf3+ 20. gxf3 Bd5
21. Rxe7 Rdd8 22. Bxd5+ Rxd5 23. Rbe1 Rd2 24. Re8+ Rxe8 25. Rxe8+ Kf7 26. Re7+
Kg8 27. Re8+ Kf7 {Game drawn by mutual agreement} 1/2-1/2

[Event "Team 45 45 League T63"]
[Site "Internet Chess Club"]
[Date "2014.12.20"]
[Round "4"]
[White "wildkingdumb4"]
[Black "parrot9"]
[Result "1-0"]
[WhiteElo "1646"]
[BlackElo "1662"]
[Opening "Sicilian: Najdorf, Byrne (English) attack"]
[ECO "B90"]
[Time "08:08:00"]
[TimeControl "2700+45"]

1. e4 c5 2. Nf3 d6 3. d4 cxd4 4. Nxd4 Nf6 5. Nc3 a6 6. Be3 e6 7. f3 Nbd7 8. Bc4
Ne5 9. Bb3 Qc7 10. Qd2 Be7 11. O-O-O O-O 12. g4 b5 13. Kb1 Nc4 14. Bxc4 Qxc4 15.
Nce2 d5 16. g5 Nd7 17. exd5 Qxd5 18. Nc3 Qc4 19. Ne4 Rd8 20. b3 Qc7 21. Qf2 Bb7
22. Rhf1 e5 23. Nf5 Bf8 24. Nfd6 Bc6 25. f4 Bxe4 26. Nxe4 Qc6 27. Ng3 a5 28.
fxe5 Nxe5 29. Bd4 Rxd4 30. Qxd4 Ng6 31. Qd5 Qc3 32. Qxa8 a4 33. Qf3 {Black
resigns} 1-0

[Event "Team 45 45 League T63"]
[Site "Internet Chess Club"]
[Date "2014.12.16"]
[Round "4"]
[White "hondocando"]
[Black "Innes"]
[Result "0-1"]
[WhiteElo "1559"]
[BlackElo "1611"]
[Opening "Vienna game"]
[ECO "C25"]
[Time "18:18:15"]
[TimeControl "2700+45"]

1. e4 e5 2. Nc3 Bc5 3. Nf3 Nc6 4. Nxe5 Bxf2+ 5. Kxf2 Nxe5 6. d4 Ng6 7. Bc4 N8e7
8. Rf1 c6 9. Kg1 d5 10. exd5 cxd5 11. Bb5+ Bd7 12. Qf3 O-O 13. Bxd7 Qxd7 14. Bg5
f6 15. Be3 Rfe8 16. Rae1 Rad8 17. Bf2 a6 18. Re2 b5 19. Rfe1 b4 20. Nd1 a5 21.
b3 Ra8 22. Nb2 Kf8 23. h4 Qf5 24. Qd3 Nf4 25. Qb5 Nxe2+ 26. Rxe2 Qf4 27. Nd3 Qg4
28. Kf1 Rab8 29. Qxa5 Qxe2+ 30. Kxe2 Nc6+ 31. Kd2 Nxa5 32. Nc5 Re7 33. Bg3 Rbe8
34. Bd6 Nc6 35. c3 bxc3+ 36. Kxc3 Kf7 37. Bxe7 Rxe7 38. b4 Re3+ 39. Nd3 Nxb4 40.
Kxb4 Rxd3 41. a4 Rxd4+ 42. Kb5 Rxh4 43. a5 Rh1 44. a6 Ra1 45. Kb6 d4 {White
resigns} 0-1

[Event "Team 45 45 League T63"]
[Site "Internet Chess Club"]
[Date "2014.12.21"]
[Round "4"]
[White "nilobasenji"]
[Black "achessman"]
[Result "1-0"]
[WhiteElo "1909"]
[BlackElo "1969"]
[Opening "QGD: semi-Slav, Marshall gambit"]
[ECO "D10"]
[Time "09:10:42"]
[TimeControl "2700+45"]

1. d4 d5 2. c4 c6 3. Nc3 e6 4. e4 dxe4 5. Nxe4 Bb4+ 6. Bd2 Qxd4 7. Bxb4 Qxe4+ 8.
Be2 Na6 9. Bf8 Ne7 10. Bxg7 Rg8 11. Bf6 Rg6 12. f3 Qf4 13. Bxe7 Kxe7 14. g3 Qe3
15. Qd3 Qxd3 16. Bxd3 Rh6 17. f4 Nc5 18. Bc2 b5 19. Nf3 Bb7 20. O-O-O Nd7 21.
Nh4 bxc4 22. Rhe1 Kd8 23. Re4 Kc7 24. Rxc4 Nb6 25. Rcd4 c5 26. R4d3 Bd5 27. Rc3
Nd7 28. Ba4 Nb6 29. Rxc5+ Kb7 30. Bb3 Bxb3 31. axb3 Nd5 32. Rd4 Kb6 33. Rcc4 a5
34. f5 Kb5 35. Nf3 Ra7 36. Rd2 Rf6 37. Nd4+ Kb6 38. Rc6+ Kb7 39. fxe6 fxe6 40.
Rxe6 Rf1+ 41. Rd1 Rf2 42. Nb5 Ra8 43. Rxd5 Rc8+ 44. Nc3 {Black resigns} 1-0

[Event "Team 45 45 League T63"]
[Site "Internet Chess Club"]
[Date "2014.12.19"]
[Round "4"]
[White "CaoCao"]
[Black "WillC"]
[Result "1-0"]
[WhiteElo "1925"]
[BlackElo "1732"]
[Opening "Sicilian: Najdorf, Byrne (English) attack"]
[ECO "B90"]
[Time "18:38:04"]
[TimeControl "2700+45"]

1. e4 c5 2. Nf3 d6 3. d4 cxd4 4. Nxd4 Nf6 5. Nc3 a6 6. Be3 Ng4 7. Bg5 Qa5 8. Bh4
e5 9. Nb3 Qc7 10. Qd2 Be6 11. f3 Nf6 12. O-O-O Nc6 13. Kb1 O-O-O 14. Bf2 d5 15.
exd5 Nxd5 16. Nxd5 Rxd5 17. Qc1 Be7 18. Rxd5 Bxd5 19. Bd3 Bxb3 20. cxb3 Kb8 21.
Qe3 Nd4 22. Rc1 Qd6 23. f4 f6 24. Re1 Nc6 25. fxe5 fxe5 26. Be4 Nd4 27. Rd1 Bf6
28. Bf3 Qb6 29. Qe4 h6 30. g4 Rc8 31. h4 g5 32. hxg5 hxg5 33. Bg3 Nxf3 34. Qxf3
Qc5 35. Qe2 Ka8 36. a3 Qe7 37. Qe4 Qe6 38. Ka2 Kb8 39. Rf1 Rc6 40. Rxf6 Qxf6 41.
Bxe5+ Ka8 42. Bxf6 Rxf6 43. Qe8+ {Black resigns} 1-0

[Event "Team 45 45 League T63"]
[Site "Internet Chess Club"]
[Date "2014.12.23"]
[Round "4"]
[White "beitmery"]
[Black "ghostfire"]
[Result "0-1"]
[WhiteElo "1695"]
[BlackElo "1726"]
[Opening "QGD Slav: 4.e3 Bf5"]
[ECO "D12"]
[Time "13:35:29"]
[TimeControl "2700+45"]

1. d4 d5 2. c4 c6 3. Nf3 Nf6 4. e3 Bf5 5. Bd3 Bxd3 6. Qxd3 dxc4 7. Qxc4 Nbd7 8.
O-O e6 9. Nc3 Be7 10. e4 O-O 11. Bg5 Rc8 12. Rad1 Re8 13. Ne5 Nxe5 14. dxe5 Nd7
15. Bxe7 Qxe7 16. f4 b5 17. Qe2 a5 18. Rd2 a4 19. Rfd1 Red8 20. Qd3 Rc7 21. Qd6
Qxd6 22. exd6 Rcc8 23. e5 f6 24. Re1 fxe5 25. fxe5 Rf8 26. Rf2 Rxf2 27. Kxf2
Rf8+ 28. Kg3 Rf5 29. Ne4 Rxe5 30. Kf4 Rd5 31. Rc1 c5 32. Nc3 Rxd6 33. Nxb5 Rd2
34. Rf1 Rxb2 35. Rd1 Rxb5 36. Rxd7 Rb2 37. Rc7 Rxa2 38. Ke5 Re2+ 39. Kd6 h6 40.
Rc8+ Kf7 41. Rxc5 a3 42. Ra5 a2 43. g3 Rxh2 44. Kc5 {White resigns} 0-1

[Event "Team 45 45 League T63"]
[Site "Internet Chess Club"]
[Date "2014.12.21"]
[Round "4"]
[White "Frankly"]
[Black "bondguy01"]
[Result "1-0"]
[WhiteElo "1821"]
[BlackElo "1760"]
[Opening "Nimzo-Indian: Fischer variation, 5.Ne2"]
[ECO "E44"]
[Time "13:01:04"]
[TimeControl "2700+45"]

1. d4 Nf6 2. c4 e6 3. Nc3 Bb4 4. e3 b6 5. Ne2 c5 6. a3 Ba5 7. Bd2 O-O 8. Qc2 Nc6
9. Rd1 d5 10. cxd5 exd5 11. dxc5 bxc5 12. Nf4 d4 13. Na4 dxe3 14. fxe3 Re8 15.
Nxc5 Bg4 16. Be2 Bxe2 17. Nxe2 Rxe3 18. Bxa5 Qxa5+ 19. b4 Qxa3 20. O-O Nxb4 21.
Qd2 Nc6 22. Qc2 Rae8 23. Rf2 a5 24. h3 Nb4 25. Qd2 Ne4 26. Nxe4 R3xe4 27. Nc3
R4e5 28. Qd7 Rf8 29. Qxf7+ Rxf7 30. Rd8+ {Black resigns} 1-0